SL
THUNDER BAY NORTHERN LIONS BC @ SAN MATEO DIRTY REDS
06/09/2041
 
TOP OF THE 1ST
Thunder Bay Northern Lions BC batting - Pitching for San Mateo Dirty Reds : LHP Faisal bin Nabeel
Pitching: LHP Faisal bin Nabeel
Batting: LHB Ramón Padilla 0-0: Called Strike
0-1: Ball
1-1: Foul Ball, location: 2F
1-2: Strikes out swinging
Batting: LHB Sébastien Cornu 0-0: Ball
1-0: Ball
2-0: Called Strike
2-1: Called Strike
2-2: Ball
3-2: Ground out U3 (Groundball, 3S, EV 83.8 MPH)
Batting: RHB Jason Slaybaugh 0-0: Ball
1-0: Foul Ball, location: 2F
1-1: Ball
2-1: Ball
3-1: Base on Balls
Batting: LHB Gilberto Ocasio 0-0: Ball
1-0: Swinging Strike
1-1: Foul Ball, location: 2F
1-2: DOUBLE (Line Drive, 9LM, EV 109.4 MPH)
Jason Slaybaugh to third
Runner from 3rd tries for Home, SAFE, throw by RF to home
Batting: RHB Curf Pierstisnips 0-0: Called Strike
0-1: Ball
1-1: Foul Ball, location: 2F
1-2: Strikes out swinging
Top of the 1st over - 1 run, 1 hit, 0 errors, 1 left on base; Thunder Bay 1 - San Mateo 0
BOTTOM OF THE 1ST
San Mateo Dirty Reds batting - Pitching for Thunder Bay Northern Lions BC : RHP David Schrattenthaler
Pitching: RHP David Schrattenthaler
Batting: LHB Richard Edwards 0-0: Ball
1-0: Ball
2-0: Ball
3-0: Called Strike
3-1: Foul Ball, location: 2F
3-2: Base on Balls
Batting: RHB Tae-cho Han 0-0: Called Strike
0-1: Called Strike
0-2: Ball
1-2: Ball
2-2: Ball
3-2: Fly out, F2 (Popup, 13S, EV 92.5 MPH)
Batting: LHB Tom Burton 0-0: Fielders Choice at 2nd, 3-6 (Groundball, 3, EV 100.0 MPH)
Batting: LHB Palaie Gaoteote 0-0: Ball
1-0: Called Strike
1-1: Foul Ball, location: 2F
1-2: Ground out 4-3 (Groundball, 34, EV 81.9 MPH)
Bottom of the 1st over - 0 runs, 0 hits, 0 errors, 1 left on base; Thunder Bay 1 - San Mateo 0
TOP OF THE 2ND
Thunder Bay Northern Lions BC batting - Pitching for San Mateo Dirty Reds : LHP Faisal bin Nabeel
Batting: SHB Takeshi Kovacs 0-0: Called Strike
0-1: Ball
1-1: Ball
2-1: Swinging Strike
2-2: Strikes out swinging
Batting: LHB Barry Flauker 0-0: Ball
1-0: Ball
2-0: Called Strike
2-1: Ground out 5-3 (Groundball, 5, EV 105.0 MPH)
Batting: RHB Álex Chávez 0-0: Ball
1-0: Swinging Strike
1-1: Swinging Strike
1-2: Foul Ball, location: 2F
1-2: Strikes out looking
Top of the 2nd over - 0 runs, 0 hits, 0 errors, 0 left on base; Thunder Bay 1 - San Mateo 0
BOTTOM OF THE 2ND
San Mateo Dirty Reds batting - Pitching for Thunder Bay Northern Lions BC : RHP David Schrattenthaler
Batting: RHB Zahid Kashani 0-0: Ball
1-0: Fly out, F7 (Flyball, 7S, EV 90.6 MPH)
Batting: RHB Kawenaula Alohalani 0-0: Ball
1-0: Ground out 5-3 (Groundball, 56, EV 85.0 MPH)
Batting: RHB Arsenio Laurel 0-0: SINGLE (Groundball, 6S, EV 67.5 MPH) (infield hit)
Pinch Runner at 1st Paul Tate:
Batting: RHB James Hemwick 0-0: Foul Ball, location: 2F
0-1: Ball
1-1: Ball
2-1: Foul Ball, location: 2F
2-2: Foul Ball, location: 2F
2-2: Ground out 4-3 (Groundball, 34, EV 87.5 MPH)
Bottom of the 2nd over - 0 runs, 1 hit, 0 errors, 1 left on base; Thunder Bay 1 - San Mateo 0
TOP OF THE 3RD
Thunder Bay Northern Lions BC batting - Pitching for San Mateo Dirty Reds : LHP Faisal bin Nabeel
Now in CF: Paul Tate
Batting: LHB Yao-pang Chiang 0-0: Ball
1-0: Ball
2-0: Called Strike
2-1: Ball
3-1: Called Strike
3-2: Base on Balls
Batting: LHB Ramón Padilla 0-0: Ball
1-0: Fielders Choice at 2nd, 1-6 (Groundball, P, EV 83.8 MPH)
Batting: LHB Sébastien Cornu 0-0: Ball
1-0: Ball
Ramón Padilla is caught stealing 2nd base 2-6
2-0: Ball
3-0: Called Strike
3-1: DOUBLE (Line Drive, 7LD, EV 111.2 MPH)
Batting: RHB Jason Slaybaugh 0-0: Foul Ball, location: 2F
0-1: Ball
1-1: Ground out 1-3 (Groundball, 13S, EV 67.5 MPH)
Top of the 3rd over - 0 runs, 1 hit, 0 errors, 1 left on base; Thunder Bay 1 - San Mateo 0
BOTTOM OF THE 3RD
San Mateo Dirty Reds batting - Pitching for Thunder Bay Northern Lions BC : RHP David Schrattenthaler
Batting: RHB Ambrose Watkins 0-0: Ground out 6-3 (Groundball, 6, EV 85.0 MPH)
Batting: LHB Richard Edwards 0-0: Called Strike
0-1: Ball
1-1: Ball
2-1: Foul Ball, location: 2F
2-2: Ground out 6-3 (Groundball, 6, EV 90.0 MPH)
Batting: RHB Tae-cho Han 0-0: Ball
1-0: Foul Ball, location: 2F
1-1: Ball
2-1: Reached on error, E2 (Groundball, 15S, EV 60.0 MPH)
Batting: LHB Tom Burton Pickoff Throw to First - Out! 1-3
Bottom of the 3rd over - 0 runs, 0 hits, 1 error, 0 left on base; Thunder Bay 1 - San Mateo 0
TOP OF THE 4TH
Thunder Bay Northern Lions BC batting - Pitching for San Mateo Dirty Reds : LHP Faisal bin Nabeel
Batting: LHB Gilberto Ocasio 0-0: Ground out 4-3 (Groundball, 4, EV 85.0 MPH)
Batting: RHB Curf Pierstisnips 0-0: Ball
1-0: Called Strike
1-1: Ground out 6-3 (Groundball, 6, EV 101.9 MPH)
Batting: SHB Takeshi Kovacs 0-0: Ball
1-0: Foul Ball, location: 2F
1-1: Foul Ball, location: 2F
1-2: Ball
2-2: Foul Ball, location: 2F
2-2: Ball
3-2: Foul Ball, location: 2F
3-2: Ground out 4-3 (Groundball, 4, EV 87.5 MPH)
Top of the 4th over - 0 runs, 0 hits, 0 errors, 0 left on base; Thunder Bay 1 - San Mateo 0
BOTTOM OF THE 4TH
San Mateo Dirty Reds batting - Pitching for Thunder Bay Northern Lions BC : RHP David Schrattenthaler
Batting: LHB Tom Burton 0-0: Ball
1-0: Ball
2-0: SINGLE (Groundball, 4D, EV 99.4 MPH)
Batting: LHB Palaie Gaoteote 0-0: Called Strike
0-1: Ball
1-1: Foul Ball, location: 2F
1-2: Ball
2-2: Foul Ball, location: 2F
2-2: SINGLE (Line Drive, 9S, EV 96.9 MPH)
Tom Burton to second
Runner from 2nd tries for 3rd, SAFE, throw by RF made to third
Batting: RHB Zahid Kashani 0-0: Ball
1-0: Ball
2-0: SINGLE (Groundball, 56D, EV 106.9 MPH)
Tom Burton scores
Palaie Gaoteote to second
Batting: RHB Kawenaula Alohalani 0-0: Ball
1-0: Foul Ball, location: 2F
1-1: 3-RUN HOME RUN (Line Drive, 7D, EV 100.0 MPH), Distance : 348 ft
Batting: RHB Paul Tate 0-0: Called Strike
0-1: Called Strike
0-2: Foul Ball, location: 2F
0-2: Foul Ball, location: 2F
0-2: Ground out 5-3 (Groundball, 56S, EV 86.9 MPH)
Batting: RHB James Hemwick 0-0: Ball
1-0: Called Strike
1-1: Ball
2-1: Ball
3-1: Foul Ball, location: 2F
3-2: Foul Ball, location: 2F
3-2: Ground out 5-3 (Groundball, 56, EV 76.9 MPH)
Batting: RHB Ambrose Watkins 0-0: Called Strike
0-1: Ground out 5-3 (Groundball, 5, EV 101.9 MPH)
Bottom of the 4th over - 4 runs, 4 hits, 0 errors, 0 left on base; Thunder Bay 1 - San Mateo 4
TOP OF THE 5TH
Thunder Bay Northern Lions BC batting - Pitching for San Mateo Dirty Reds : LHP Faisal bin Nabeel
Batting: LHB Barry Flauker 0-0: Called Strike
0-1: Ground out U3 (Groundball, 3, EV 105.6 MPH)
Batting: RHB Álex Chávez 0-0: Called Strike
0-1: Ball
1-1: DOUBLE (Groundball, 5L, EV 97.5 MPH)
Batting: LHB Yao-pang Chiang 0-0: Called Strike
0-1: Swinging Strike
0-2: Ball
1-2: Strikes out swinging
Batting: LHB Ramón Padilla 0-0: Ball
1-0: Ball
2-0: Fly out, F9 (Line Drive, 9, EV 83.8 MPH)
Top of the 5th over - 0 runs, 1 hit, 0 errors, 1 left on base; Thunder Bay 1 - San Mateo 4
BOTTOM OF THE 5TH
San Mateo Dirty Reds batting - Pitching for Thunder Bay Northern Lions BC : RHP David Schrattenthaler
Batting: LHB Richard Edwards 0-0: Called Strike
0-1: SOLO HOME RUN (Flyball, 9D, EV 98.8 MPH), Distance : 349 ft
Batting: RHB Tae-cho Han 0-0: Ball
1-0: Ball
2-0: Ball
3-0: Called Strike
3-1: Swinging Strike
3-2: Foul Ball, location: 2F
3-2: Fly out, F6 (Popup, 6M, EV 63.1 MPH)
Batting: LHB Tom Burton 0-0: Ball
1-0: Foul Ball, location: 2F
1-1: Ball
2-1: Foul Ball, location: 2F
2-2: Ground out 4-3 (Groundball, 4, EV 86.9 MPH)
Batting: LHB Palaie Gaoteote 0-0: SINGLE (Line Drive, 34D, EV 96.9 MPH)
Batting: RHB Zahid Kashani 0-0: Ball
1-0: Called Strike
1-1: Called Strike
1-2: Fly out, F8 (Flyball, 78M, EV 88.1 MPH)
Bottom of the 5th over - 1 run, 2 hits, 0 errors, 1 left on base; Thunder Bay 1 - San Mateo 5
TOP OF THE 6TH
Thunder Bay Northern Lions BC batting - Pitching for San Mateo Dirty Reds : LHP Faisal bin Nabeel
Batting: LHB Sébastien Cornu 0-0: Called Strike
0-1: Called Strike
0-2: Ball
1-2: Strikes out swinging
Batting: RHB Jason Slaybaugh 0-0: Ball
1-0: Ball
2-0: Called Strike
2-1: Called Strike
2-2: Hit by Pitch
Batting: LHB Gilberto Ocasio 0-0: Swinging Strike
0-1: Ball
1-1: Called Strike
1-2: Fly out, F4 (Line Drive, 4, EV 66.9 MPH)
Batting: RHB Curf Pierstisnips 0-0: Ground out 6-3 (Groundball, 4M, EV 101.9 MPH)
Top of the 6th over - 0 runs, 0 hits, 0 errors, 1 left on base; Thunder Bay 1 - San Mateo 5
BOTTOM OF THE 6TH
San Mateo Dirty Reds batting - Pitching for Thunder Bay Northern Lions BC : RHP David Schrattenthaler
Batting: RHB Kawenaula Alohalani 0-0: Called Strike
0-1: Ball
1-1: SINGLE (Groundball, 6MD, EV 100.0 MPH)
Pitching: RHP Von Hansen
Batting: RHB Paul Tate 0-0: Fly out, F9 (Flyball, 9S, EV 85.0 MPH)
Batting: RHB James Hemwick 0-0: Ball
1-0: Called Strike
1-1: Ball
2-1: Fly out, F8 (Flyball, 8RD, EV 96.9 MPH)
Batting: RHB Ambrose Watkins 0-0: Called Strike
0-1: Swinging Strike
0-2: Fly out, F7 (Flyball, 7D, EV 104.4 MPH)
Bottom of the 6th over - 0 runs, 1 hit, 0 errors, 1 left on base; Thunder Bay 1 - San Mateo 5
TOP OF THE 7TH
Thunder Bay Northern Lions BC batting - Pitching for San Mateo Dirty Reds : LHP Faisal bin Nabeel
Batting: SHB Takeshi Kovacs 0-0: Foul Ball, location: 2F
0-1: Ball
1-1: DOUBLE (Flyball, 8LXD, EV 97.5 MPH)
Batting: LHB Barry Flauker 0-0: Foul Ball, location: 2F
0-1: Ground out 1-3 (Groundball, 15S, EV 71.9 MPH)
Pitching: RHP Juan Moreno
Batting: RHB Álex Chávez 0-0: DOUBLE (Line Drive, 5D, EV 95.0 MPH)
Takeshi Kovacs scores
Batting: LHB Yao-pang Chiang 0-0: Ground out 1-3 (Groundball, 13S, EV 73.8 MPH)
Álex Chávez to third
Batting: LHB Ramón Padilla 0-0: Ball
1-0: Fly out, F8 (Flyball, 8LXD, EV 98.1 MPH)
Top of the 7th over - 1 run, 2 hits, 0 errors, 1 left on base; Thunder Bay 2 - San Mateo 5
BOTTOM OF THE 7TH
San Mateo Dirty Reds batting - Pitching for Thunder Bay Northern Lions BC : RHP Von Hansen
Pitching: LHP Mike Hess
Batting: LHB Richard Edwards 0-0: Called Strike
0-1: Called Strike
0-2: Foul Ball, location: 2F
0-2: Ball
1-2: Ball
2-2: Foul Ball, location: 2F
2-2: Foul Ball, location: 2F
2-2: Foul Ball, location: 2F
2-2: Ground out 6-3 (Groundball, 6, EV 109.4 MPH)
Batting: RHB Tae-cho Han 0-0: Ground out 3-1 (Groundball, 3S, EV 60.6 MPH)
Batting: LHB Tom Burton 0-0: Ball
1-0: Ground out 1-3 (Groundball, 15S, EV 62.5 MPH)
Bottom of the 7th over - 0 runs, 0 hits, 0 errors, 0 left on base; Thunder Bay 2 - San Mateo 5
TOP OF THE 8TH
Thunder Bay Northern Lions BC batting - Pitching for San Mateo Dirty Reds : RHP Juan Moreno
Batting: LHB Sébastien Cornu 0-0: Swinging Strike
0-1: Foul Ball, location: 2F
0-2: Foul Ball, location: 2F
0-2: Ball
1-2: Fly out, F6 (Popup, P, EV 81.2 MPH)
Batting: RHB Jason Slaybaugh 0-0: Fly out, F9 (Line Drive, 9, EV 91.9 MPH)
Batting: LHB Gilberto Ocasio 0-0: Swinging Strike
0-1: Ball
1-1: Called Strike
1-2: Fly out, F7 (Flyball, 78S, EV 77.5 MPH)
Top of the 8th over - 0 runs, 0 hits, 0 errors, 0 left on base; Thunder Bay 2 - San Mateo 5
BOTTOM OF THE 8TH
San Mateo Dirty Reds batting - Pitching for Thunder Bay Northern Lions BC : LHP Mike Hess
Batting: LHB Palaie Gaoteote 0-0: Called Strike
0-1: Ball
1-1: SINGLE (Line Drive, 89S, EV 99.4 MPH)
Batting: RHB Zahid Kashani 0-0: Called Strike
0-1: Ball
1-1: Foul Ball, location: 2F
1-2: Foul Ball, location: 2F
1-2: Strikes out swinging
Batting: RHB Kawenaula Alohalani 0-0: SINGLE (Line Drive, 7S, EV 104.4 MPH)
Palaie Gaoteote to second
Batting: RHB Paul Tate 0-0: Foul Ball, location: 2F
0-1: Ball
1-1: Fly out, F9 (Flyball, 9, EV 75.0 MPH)
Batting: RHB James Hemwick 0-0: Swinging Strike
0-1: Foul Ball, location: 2F
0-2: Foul Ball, location: 2F
0-2: Ball
1-2: Fielders Choice at 2nd, 5-4 (Groundball, 56, EV 79.4 MPH)
Bottom of the 8th over - 0 runs, 2 hits, 0 errors, 2 left on base; Thunder Bay 2 - San Mateo 5
TOP OF THE 9TH
Thunder Bay Northern Lions BC batting - Pitching for San Mateo Dirty Reds : RHP Juan Moreno
Batting: RHB Curf Pierstisnips 0-0: Ball
1-0: Called Strike
1-1: Called Strike
1-2: Foul Ball, location: 2F
1-2: Ball
2-2: Foul Ball, location: 2F
2-2: Ball
3-2: Foul Ball, location: 2F
3-2: Foul Ball, location: 2F
3-2: Base on Balls
Batting: SHB Takeshi Kovacs 0-0: Called Strike
0-1: Ball
1-1: Foul Ball, location: 2F
1-2: Strikes out looking
Batting: LHB Barry Flauker 0-0: Called Strike
0-1: Fielders Choice at 2nd, 4-6 (Groundball, 4, EV 85.0 MPH)
Batting: RHB Álex Chávez 0-0: Called Strike
0-1: SINGLE (Groundball, 56, EV 98.8 MPH)
Barry Flauker to second
Batting: LHB Yao-pang Chiang 0-0: Ball
1-0: Ball
2-0: Ball
3-0: Base on Balls
Barry Flauker to third
Álex Chávez to second
Pinch Hitting: LHB Keaton Kringlen 0-0: Ground out U3 (Groundball, 3L, EV 104.4 MPH)
Top of the 9th over - 0 runs, 1 hit, 0 errors, 3 left on base; Thunder Bay 2 - San Mateo 5
Tuesday, January 5th, 2021 - OOTP Baseball 20.8 Build 74